 Dungeon Crawl Stone Soup version 0.30.1-1-g62c8e00024 (webtiles) character file.

Game seed: 985818740962178734

98 CrazyBamboolord the Sneak (level 4, -5/21 HPs)
             Began as a Spriggan Enchanter on July 17, 2023.
             Slain by an orc
             ... wielding a +0 flail
              (9 damage)
             ... on level 3 of the Dungeon.
             The game lasted 00:04:20 (2294 turns).

CrazyBamboolord the Sneak (Spriggan Enchanter)      Turns: 2294, Time: 00:04:21

Health: -5/21      AC:  3    Str:  4    XL:     4   Next: 44%
Magic:  8/9        EV: 17    Int: 18    God:
Gold:   117        SH:  0    Dex: 15    Spells: 7/9 levels left

rFire   . . .        a - +4 dagger
rCold   . . .        (no shield)
rNeg    . . .        b - +0 robe
rPois   .            (helmet restricted)
rElec   .            n - +0 cloak
rCorr   .            (gloves unavailable)
SInv    +            (boots unavailable)
Will    .....        (no amulet)
Stlth   +++          (no ring)
HPRegen 0.23/turn    (no ring)
MPRegen 0.11/turn

%: no passive effects
@: very quick
A: very small, no large weapons, unfitting armour, see invisible, speed 3
a: no special abilities


You were on level 3 of the Dungeon.
You visited 1 branch of the dungeon, and saw 3 of its levels.

You collected 117 gold pieces.

Inventory:

Hand Weapons
 a - a +4 dagger (weapon)
Armour
 b - a +0 robe (worn)
 n - a +0 cloak (worn)
Scrolls
 i - a scroll of magic mapping
 k - a scroll of amnesia {unknown}
 m - a scroll of blinking {unknown}
Potions
 c - a potion of invisibility
 d - a potion of cancellation {unknown}
 e - a potion of ambrosia {unknown}
 f - 4 potions of might
 h - a potion of lignification {unknown}
 j - 5 potions of curing
 l - a potion of berserk rage {unknown}


   Skills:
 * Level 2.0 Short Blades
 * Level 3.2 Dodging
 * Level 6.1 Stealth
 * Level 3.3 Spellcasting
 * Level 4.1 Hexes
 * Level 0.5 Ice Magic


You had 7 spell levels left.
You knew the following spells:

 Your Spells              Type           Power      Damage    Failure   Level
a - Ensorcelled Hibernat  Hex/Ice        22%        N/A       9%          2

Your spell library contained the following spells:

 Spells                   Type           Power      Damage    Failure   Level
 Confusing Touch          Hex            17%        N/A       9%          3
 Tukima's Dance           Hex            17%        N/A       9%          3
 Necrotise                Necr           8%         1d4       16%         1
 Dazzling Flash           Conj/Hex       20%        N/A       21%         3
 Vampiric Draining        Necr           2%         2d6       43%         3
 Animate Dead             Necr           2%         N/A       85%         4
 Agony                    Necr           2%         N/A       99%         5
 Haunt                    Necr/Summ      1%         N/A       100%        7
 Infestation              Necr           1%         N/A       100%        8


Dungeon Overview and Level Annotations

Branches:
Dungeon (3/15)

Altars:

Shops:
D:1 (


Innate Abilities, Weirdness & Mutations

You are very small and have problems with some larger weapons.
You are too small for most types of armour.
You have supernaturally acute eyesight. (SInv)
You cover ground extremely quickly. (Speed+++)


Message History

An orc comes into view. It is wielding a +0 flail.
An orc comes into view. It is wielding a +0 dagger.
An orc and an orc wizard come into view.
Aiming: Ensorcelled Hibernation (safe; 9% risk of failure)
Press: ? - help, Q - select action Shift-Dir - straight line, f - orc
Aim: an orc, wielding a +0 short sword (wandering, hasn't noticed you, chance to affect: 62%)
The orc shouts!
The orc looks drowsy...
The orc shouts!
The orc wizard shouts!
The orc shouts!
You hear an angry hiss.
A rat comes into view.
The helpless orc fails to defend itself.
You impale the orc!!
You kill the orc!
A hobgoblin comes into view.
The orc wizard gestures wildly while chanting.
The orc wizard flickers and vanishes for a moment.
Your Short Blades skill increases to level 2!
You completely miss the orc. The orc closely misses you.
You hit the orc.
The orc is lightly wounded.
You hit the orc.
The orc is almost dead.
The orc hits you but does no damage. The orc closely misses you.
You hit the orc.
The orc is heavily wounded.
The orc barely misses you. x2
You hit the orc.
You kill the orc!
The orc hits you with a +0 flail.
You hit the orc.
The orc is heavily wounded.
The orc wizard misses you. The orc hits you with a +0 flail!
You closely miss the orc.
The orc is heavily wounded.
The orc wizard gestures at you while chanting.
The magic dart hits you!
* * * LOW HITPOINT WARNING * * *
The orc hits you with a +0 flail!
You die...

... ##..# ..... ..#..
###############....
#...............#
#...#######...#.#
#...#.....#..oor#
#...#.....#..@#).r..#
#...#.....#...#.o#....
#...#.....#...#......#
#...#.....#...#..oo# #
#...#'##+##...#......
#.............#...#...
.######'########..g#...
.................
.................


You could see an orc wizard (invisible), an orc and a rat.

Vanquished Creatures
  Crazy Yiuf (D:2)
  An adder (D:2)
  A worm (D:2)
  2 orcs (D:3)
  5 ball pythons
  6 bats
  5 endoplasms
  2 giant cockroaches (D:2)
  6 goblins
  3 hobgoblins
  4 jackals (D:1)
  3 quokkas
  2 frilled lizards
  4 kobolds (D:1)
  5 rats
50 creatures vanquished.

Notes
Turn   | Place    | Note
-------+----------+-------------------------------------------
     0 | D:1      | CrazyBamboolord the Spriggan Enchanter began the quest for
                  | the Orb.
     0 | D:1      | Reached XP level 1. HP: 9/9 MP: 5/5
   163 | D:1      | Reached XP level 2. HP: 11/13 MP: 6/6
   174 | D:1      | Learned a level 2 spell: Ensorcelled Hibernation
   257 | D:1      | Reached skill level 5 in Stealth
   730 | D:1      | Found Imor Netz's Weapon Emporium.
   904 | D:1      | Reached XP level 3. HP: 16/16 MP: 0/8
  1617 | D:2      | Found a faded altar of an unknown god.
  1691 | D:2      | Found a runed translucent door.
  1692 | D:2      | Noticed Crazy Yiuf
  2165 | D:2      | Killed Crazy Yiuf
  2166 | D:2      | Reached skill level 6 in Stealth
  2166 | D:2      | Reached XP level 4. HP: 21/21 MP: 9/9
  2294 | D:3      | Slain by an orc

Illustrated notes

Levels and vault maps discovered:
D:1:      psy_arrival_dodecagon, layout_basic, serial_shops,
          nicolae_shop_back_alley_shop, minmay_tiny_reverse_x
D:2:      layout_loops_ring, ebering_ecumenical_altar_petrified, hex_tiny,
          minmay_cupped, uniq_crazy_yiuf_cottage
D:3:      layout_basic, minmay_fractal_squares_5, uniq_natasha

Skill      XL: |  1  2  3  4 |
---------------+-------------+-----
Stealth        | 5 6 |  6.1
Spellcasting   | 3 |  3.3
Dodging        | 3 |  3.2
Hexes          | 4 |  4.1
Short Blades   | 2 |  2.0
Ice Magic      | |  0.5

Action                     |  1- 3 |  4- 6 || total
---------------------------+-------+-------++-------
  Melee: Dagger            |    85 |     9 ||    94
   Cast: Ensorcelled Hiber |    24 |     2 ||    26
    Use: Potion            |     1 |       ||     1
         Scroll            |       |     3 ||     3
   Stab: Sleeping          |    36 |     1 ||    37
         Invisible         |     1 |       ||     1
 Armour: Robe              |     7 |     1 ||     8
  Dodge: Dodged            |    52 |     6 ||    58
